[Event "Titled Tuesday Blitz April 26 Late 2022"]
[White "Mikhailov, Viacheslav"]
[Black "Sanchez, Robert"]
[WhiteFideId "4187369"]
[BlackFideId "2034360"]
[WhiteElo "2381"]
[BlackElo "2418"]
[Result "1-0"]
[Round "02"]
[TimeControl "180+1"]
[Date "2022.04.26"]
[WhiteClock "0:00:07"]
[BlackClock "0:00:27"]

1. Nf3 d5 2. g3 Nc6 3. Bg2 e5 4. O-O f6 5. d3 Be6 6. e4 d4 7. c3 Qd7 8. cxd4 Nxd4 9. Nxd4 Qxd4 10. Nc3 O-O-O 11. Nd5 Bxd5 12. exd5 Kb8 13. Be3 Qb4 14. a3 Qb5 15. a4 Qa5 16. Qb3 Bd6 17. Rfc1 Ne7 18. Rc2 h5 19. Rac1 h4 20. Bc5 hxg3 21. hxg3 Nf5 22. Be4 Nd4 23. Bxd4 exd4 24. Kg2 g6 25. Bxg6 Rdg8 26. Be4 Rg7 27. Qb5 Qb6 28. Re2 a6 29. Qxb6 cxb6 30. Bf5 Rc7 31. Rce1 b5 32. axb5 axb5 33. Re6 Be5 34. f4 Rc2+ 35. Kf3 Bc7 36. d6 Ba5 37. Re8+ Ka7 38. Rxh8 Bxe1 39. d7 Ba5 40. d8=Q Bxd8 41. Rxd8 Rxb2 42. Rxd4 Kb6 43. Rd6+ Kc5 44. Rxf6 b4 45. Rf7 b5 46. g4 Kd4 47. g5 Rb1 48. g6 Rg1 49. g7 b3 50. Rd7+ Kc3 51. Rc7+ Kd4 52. Rd7+ Kc3 53. d4 b2 54. d5 b4 55. d6 Rf1+ 56. Kg2 Rxf4 57. g8=Q Rxf5 58. Rc7+ Kd2 59. Qb3 1-0


[Site "https://www.chess.com"]

[Event "Titled Tuesday Blitz April 26 Late 2022"]
[White "Mikhalsky, Vladimir"]
[Black "Babazada, Khazar"]
[WhiteFideId "14144352"]
[BlackFideId "13413554"]
[WhiteElo "2301"]
[BlackElo "2406"]
[Result "1/2-1/2"]
[Round "02"]
[TimeControl "180+1"]
[Date "2022.04.26"]
[WhiteClock "0:00:27"]
[BlackClock "0:00:12"]

1. e4 Nc6 2. Nf3 e5 3. Bb5 Nf6 4. O-O Nxe4 5. d4 Nd6 6. Bxc6 dxc6 7. dxe5 Nf5 8. Qxd8+ Kxd8 9. Nc3 Be7 10. b3 Ke8 11. Bb2 b6 12. h3 h5 13. Rad1 Rh6 14. Rfe1 Rg6 15. Kh2 Be6 16. Ne2 Rh6 17. Bc1 Rh8 18. Nf4 Rd8 19. Nxe6 fxe6 20. Bg5 Bxg5 21. Nxg5 Ke7 22. c3 a5 23. g3 Rd5 24. c4 Rxd1 25. Rxd1 Ra8 26. a4 c5 27. Nf3 Rf8 28. Kg2 Nh6 29. Nh4 Ke8 30. f4 Rf7 31. Nf3 Nf5 32. Kf2 Rd7 33. Rxd7 Kxd7 34. g4 hxg4 35. hxg4 Ne7 36. Ke3 Ke8 37. Ke4 Nc6 38. f5 Ke7 39. fxe6 Kxe6 40. Ng5+ Ke7 41. Nf3 Kd7 42. Kd5 Nb4+ 43. Ke4 Ke7 44. Nh4 Ke6 45. Nf5 g6 46. Nh4 Kf7 47. Nf3 Ke7 48. Ng5 c6 49. Nf3 Nc2 50. Kf4 Kf7 51. Kg5 Nd4 52. Nd2 Kg7 53. Kf4 Ne6+ 54. Ke4 Kf7 55. Nf3 Ke7 56. Nh4 Kf7 57. Nf3 g5 58. Nd2 Nd4 59. Nf3 Ne6 60. Kf5 Nd4+ 61. Ke4 Ne6 1/2-1/2


[Site "https://www.chess.com"]

[Event "Titled Tuesday Blitz April 26 Late 2022"]
[White "Miszler, Levente"]
[Black "Nazaretyan, Tigran"]
[WhiteFideId "763276"]
[BlackFideId "24162345"]
[WhiteElo "1966"]
[BlackElo "2225"]
[Result "0-1"]
[Round "02"]
[TimeControl "180+1"]
[Date "2022.04.26"]
[WhiteClock "0:00:06"]
[BlackClock "0:00:13"]

1. Nf3 Nf6 2. c4 g6 3. g3 Bg7 4. Bg2 O-O 5. O-O d6 6. Nc3 e5 7. d3 Nc6 8. Rb1 a5 9. a3 h6 10. b4 axb4 11. axb4 Be6 12. b5 Nb8 13. Bb2 Nbd7 14. Ra1 c6 15. Nd2 d5 16. Qb3 d4 17. Nce4 Nxe4 18. Nxe4 Qb6 19. Ba3 Rfc8 20. Rfb1 f5 21. Nd6 Rcb8 22. bxc6 bxc6 23. Qxb6 Rxb6 24. Rxb6 Nxb6 25. Bxc6 Ra7 26. Nb5 Ra5 27. Rb1 Na4 28. Bb4 Ra6 29. Bf3 e4 30. Nc7 Rc6 31. Nxe6 Rxe6 32. Bg2 Nc3 33. Bxc3 dxc3 34. Rc1 Kf7 35. Kf1 h5 36. dxe4 fxe4 37. e3 g5 38. c5 Kg6 39. c6 Kf5 40. f3 Rxc6 41. fxe4+ Ke5 42. Ke2 Rc5 43. Kd3 Ke6 44. Bf1 Rc7 45. Kc2 Rb7 46. Rb1 Rd7 47. Bc4+ Ke5 48. Bd5 Kd6 49. Rb6+ Kc5 50. Rc6+ Kb5 51. Rg6 g4 52. Rg5 Kb4 53. Rxh5 Rd8 54. Rg5 Bf6 55. Rg6 Be5 56. Rb6+ Kc5 57. Rc6+ Kb4 58. Rc4+ Kb5 59. Rc6 Rf8 60. Rxc3 Rf2+ 61. Kb3 Bxc3 62. Kxc3 Rxh2 63. Be6 Rg2 64. Bxg4 Rxg3 65. Bf5 Rxe3+ 66. Kd4 Re1 67. Ke5 Kc6 68. Kf6 Kd6 69. Bg6 Rf1+ 70. Bf5 Rf2 71. Kf7 Ke5 72. Ke7 Ra2 73. Kd7 Ra6 74. Kc7 Rd6 75. Kc8 Rh6 76. Kc7 Rd6 77. Kc8 Rd4 78. Kc7 Rc4+ 79. Kb6 Kd6 80. Kb5 Rc1 81. Kb4 Ke5 82. Kb5 Kd4 83. Kb6 Rc5 84. Kb7 Ke5 85. Kb6 Kd6 86. Bg6 Rg5 87. Bf5 Rg8 88. Kb5 Ke5 89. Kc4 Rg1 90. Kd3 Rg3+ 91. Kc4 Rg1 92. Kb4 Rc1 93. Kb3 Kd4 94. Kb2 Rc3 95. Bg6 Rg3 96. Bf5 Kc4 97. Kc2 Rg2+ 98. Kd1 Kd3 99. Ke1 Ke3 100. Kf1 Rf2+ 101. Kg1 Rb2 102. Bh3 Kf3 103. Bf5 Kg3 104. Kf1 Kf3 105. Ke1 Ke3 106. Kd1 Rd2+ 107. Kc1 Rg2 108. Bh7 Kd4 109. Bf5 Kd3 110. e5+ Kd4 111. e6 Re2 112. Bg4 Re4 113. Bf5 Re5 114. Bg4 Ke4 115. Bh3 Kf4 116. Kd2 Kg3 117. Bf1 Rxe6 118. Bd3 Kf3 119. Kc3 Rd6 120. Bc4 Ke3 121. Kb4 Kd4 122. Bb3 Rb6+ 123. Ka3 Kc3 124. Bd1 Ra6+ 125. Ba4 Ra7 126. Ka2 Rxa4+ 0-1


[Site "https://www.chess.com"]

[Event "Titled Tuesday Blitz April 26 Late 2022"]
[White "Moraes, Nelson da Silva"]
[Black "Kohler, Aran"]
[WhiteFideId "2140772"]
[BlackFideId "1002856"]
[WhiteElo "2123"]
[BlackElo "2296"]
[Result "1-0"]
[Round "02"]
[TimeControl "180+1"]
[Date "2022.04.26"]
[WhiteClock "0:01:02"]
[BlackClock "0:00:32"]

1. e4 c6 2. d4 d5 3. exd5 cxd5 4. c4 Nf6 5. Nc3 dxc4 6. Nf3 e6 7. Bxc4 a6 8. O-O Be7 9. Ne5 b5 10. Qf3 Ra7 11. Bd3 Bb7 12. Qg3 g6 13. Bh6 Nbd7 14. Rfe1 Nh5 15. Qe3 Nxe5 16. dxe5 Qa8 17. Rad1 Bxg2 18. Nxb5 Rd7 19. Nd6+ Bxd6 20. exd6 Bh1 21. Bf1 Bd5 22. Qc3 Rg8 23. Qe5 Qc6 24. Qxd5 Qxd5 25. Rxd5 g5 26. Rxg5 Rxg5+ 27. Bxg5 Rxd6 28. Be2 Ng7 29. Rd1 Rxd1+ 30. Bxd1 Nf5 31. Ba4+ Kf8 32. Bf6 Nd6 33. f3 h5 34. Kg2 Nc4 35. Kg3 Nb6 36. Bc6 1-0


[Site "https://www.chess.com"]

[Event "Titled Tuesday Blitz April 26 Late 2022"]
[White "Moskalenko, Alexander"]
[Black "Karttunen, Mika"]
[WhiteFideId "4155351"]
[BlackFideId "502081"]
[WhiteElo "2434"]
[BlackElo "2343"]
[Result "1/2-1/2"]
[Round "02"]
[TimeControl "180+1"]
[Date "2022.04.26"]
[WhiteClock "0:01:32"]
[BlackClock "0:00:23"]

1. e4 c5 2. Nf3 d6 3. d4 cxd4 4. Nxd4 Nf6 5. Nc3 a6 6. h3 e5 7. Nf3 h6 8. Bc4 Be6 9. Bb3 Nbd7 10. O-O Nc5 11. Re1 Be7 12. Nh4 Nxb3 13. axb3 O-O 14. Nf5 Rc8 15. Ne3 Rxc3 16. bxc3 Nxe4 17. c4 Bh4 18. Rf1 f5 19. Nd5 f4 20. f3 Ng5 21. Bd2 Bxh3 22. gxh3 Nxh3+ 23. Kh1 Nf2+ 24. Rxf2 Bxf2 25. Kg2 Bd4 26. c3 Qg5+ 27. Kf1 Qg1+ 28. Ke2 Qg2+ 29. Kd3 Qg6+ 30. Ke2 Qg2+ 31. Kd3 Qg6+ 32. Ke2 Qg2+ 1/2-1/2


[Site "https://www.chess.com"]

[Event "Titled Tuesday Blitz April 26 Late 2022"]
[White "Muradli, Mahammad"]
[Black "Hardaway, Brewington"]
[WhiteFideId "13409301"]
[BlackFideId "30941849"]
[WhiteElo "2611"]
[BlackElo "1768"]
[Result "1-0"]
[Round "02"]
[TimeControl "180+1"]
[Date "2022.04.26"]
[WhiteClock "0:01:18"]
[BlackClock "0:00:19"]

1. c4 Nf6 2. g3 e6 3. Bg2 d5 4. cxd5 exd5 5. d4 Be7 6. Nc3 O-O 7. Bg5 c6 8. Bxf6 Bxf6 9. e3 Bf5 10. Nge2 Nd7 11. h4 h5 12. Bh3 Bxh3 13. Rxh3 g6 14. Kf1 Bg7 15. Kg2 Nf6 16. Nf4 Bh6 17. Nd3 Ng4 18. Qf3 Qf6 19. Qxf6 Nxf6 20. Rhh1 Nd7 21. Rhe1 f5 22. b4 a6 23. a4 Rfe8 24. b5 axb5 25. axb5 Bf8 26. Reb1 Ra3 27. Rxa3 Bxa3 28. bxc6 bxc6 29. Rb7 Rd8 30. Rc7 Nb8 31. Ne2 Bd6 32. Rb7 Rd7 33. Rb6 Bc7 34. Rb1 Bd6 35. Kf3 Kf7 36. Nef4 Re7 37. Rb6 Ra7 38. Ne5+ Bxe5 39. dxe5 Na6 40. Rxc6 Nb4 41. Rf6+ Ke7 42. Nxg6+ Kd8 43. Rf8+ 1-0


[Site "https://www.chess.com"]

[Event "Titled Tuesday Blitz April 26 Late 2022"]
[White "Naroditsky, Daniel"]
[Black "Barria Zuniga, Daniel"]
[WhiteFideId "2026961"]
[BlackFideId "3400816"]
[WhiteElo "2608"]
[BlackElo "2414"]
[Result "1/2-1/2"]
[Round "02"]
[TimeControl "180+1"]
[Date "2022.04.26"]
[WhiteClock "0:00:31"]
[BlackClock "0:00:16"]

1. e4 e6 2. d4 d5 3. e5 c5 4. Nf3 Nc6 5. Bd3 cxd4 6. O-O Bc5 7. Nbd2 Nge7 8. Nb3 Bb6 9. a4 a6 10. Re1 Ng6 11. Bxg6 hxg6 12. Nbxd4 Nxd4 13. Nxd4 Qh4 14. Nf3 Qxf2+ 15. Kh1 Bd7 16. Bf4 Rc8 17. c3 Rc4 18. Re2 Qxe2 19. Qxe2 Rxf4 20. b3 f6 21. Rf1 Rh5 22. Qc2 Rhf5 23. exf6 gxf6 24. h3 e5 25. Re1 Bc6 26. Nd4 Rf1+ 27. Rxf1 Rxf1+ 28. Kh2 exd4 29. Qe2+ Kf7 30. Qxf1 dxc3 31. Qd3 d4 32. g4 Bc7+ 33. Kg1 Be5 34. Kf2 Bd5 35. Qc2 b5 36. axb5 axb5 37. h4 b4 38. h5 gxh5 39. gxh5 Ke6 40. h6 f5 41. h7 Be4 42. Qe2 d3 43. Qh5 d2 44. Qe8+ Kd6 45. Qb8+ Kd5 46. Qb5+ Ke6 47. Qe8+ Kd5 48. Qb5+ Ke6 49. Qe8+ 1/2-1/2


[Site "https://www.chess.com"]

[Event "Titled Tuesday Blitz April 26 Late 2022"]
[White "Nozdrachev, Leonid"]
[Black "Needleman, Alejandro"]
[WhiteFideId "24113433"]
[BlackFideId "100730"]
[WhiteElo "2242"]
[BlackElo "2311"]
[Result "0-1"]
[Round "02"]
[TimeControl "180+1"]
[Date "2022.04.26"]
[WhiteClock "0:00:01"]
[BlackClock "0:00:25"]

1. e4 c5 2. c3 e6 3. d4 d5 4. e5 Nc6 5. Nf3 cxd4 6. cxd4 Nge7 7. Bd3 Nf5 8. Be3 Be7 9. Nc3 O-O 10. O-O Nxe3 11. fxe3 f6 12. Qc2 f5 13. a3 Bd7 14. Ne2 Rc8 15. Qd2 Na5 16. Rad1 Ba4 17. Rc1 Nb3 18. Rxc8 Nxd2 19. Rxd8 Nxf3+ 20. gxf3 Bxd8 21. Rc1 Bb6 22. Nf4 Bd7 23. h4 Kf7 24. Kf2 g6 25. Rh1 a6 26. Rc1 Ke7 27. Rg1 Rg8 28. Rc1 h6 29. Rh1 Rg7 30. Rh2 g5 31. hxg5 hxg5 32. Ne2 Kf7 33. Rh8 Rg8 34. Rh7+ Rg7 35. Rh8 Rg8 36. Rh6 Rg6 37. Rh5 Kg7 38. Ng3 Bd8 39. Rh1 Rh6 40. Rxh6 Kxh6 41. Ne2 Kh5 42. Kg3 Bb6 43. Kh3 Ba4 44. Nc3 Bb3 45. Be2 f4 46. Nd1 fxe3 47. Nxe3 Bxd4 48. Ng4 Bc2 49. Nf6+ Kg6 50. Nd7 Kf5 51. b4 Bxe5 52. Nc5 b6 53. Nxa6 Kf4 54. Kg2 Ke3 55. Bb5 Bd1 56. Bd7 Bxf3+ 57. Kg1 Bg4 58. a4 d4 59. a5 bxa5 60. bxa5 d3 61. Nb4 d2 62. Ba4 d1=Q+ 63. Bxd1 Bxd1 64. a6 Bf3 65. a7 Bd4 66. Nc2+ Kd3+ 67. Kh2 Kxc2 68. Kg3 Ba8 69. Kh3 e5 70. Kg4 e4 71. Kg3 e3 72. Kh3 e2 73. Kh2 e1=Q 74. Kh3 Qe3+ 75. Kh2 Qf4+ 76. Kh3 Qh4# 0-1


[Site "https://www.chess.com"]

[Event "Titled Tuesday Blitz April 26 Late 2022"]
[White "Omariev, Maksim"]
[Black "Araujo Filho, Luiz Antonio Coel"]
[WhiteFideId "4193423"]
[BlackFideId "2130661"]
[WhiteElo "2499"]
[BlackElo "2309"]
[Result "0-1"]
[Round "02"]
[TimeControl "180+1"]
[Date "2022.04.26"]
[WhiteClock "0:00:03"]
[BlackClock "0:00:07"]

1. g4 d5 2. Bg2 e6 3. d4 b6 4. Nf3 Bb7 5. h4 Nf6 6. g5 Ne4 7. Bf4 Bd6 8. Bxd6 Qxd6 9. Nbd2 O-O 10. e3 c5 11. c3 Rd8 12. Nxe4 dxe4 13. Nd2 cxd4 14. cxd4 e5 15. Nxe4 Qb4+ 16. Qd2 Qe7 17. Rg1 exd4 18. Nf6+ Kh8 19. Bxb7 Qxb7 20. Ng4 Qe4 21. Qe2 d3 22. Qd2 Nc6 23. O-O-O Nb4 24. Kb1 a5 25. a3 Na6 26. h5 Rac8 27. h6 Rc2 28. hxg7+ Kxg7 29. Nf6 Qe6 30. Qe1 Qb3 31. Qc3 Rxc3 32. Nh5+ Kf8 33. Rd2 Rc2 34. Rxc2 Qxc2+ 35. Ka1 d2 36. Rb1 d1=Q 37. Rxd1 Rxd1+ 38. Ka2 Rd2 0-1


[Site "https://www.chess.com"]

[Event "Titled Tuesday Blitz April 26 Late 2022"]
[White "Onslow, Alfie"]
[Black "Kim, Sergey"]
[WhiteFideId "436976"]
[BlackFideId "13700570"]
[WhiteElo "1884"]
[BlackElo "2520"]
[Result "1-0"]
[Round "02"]
[TimeControl "180+1"]
[Date "2022.04.26"]
[WhiteClock "0:01:06"]
[BlackClock "0:01:58"]

1. e4 e5 2. Bc4 Nf6 3. d3 Bc5 4. Nc3 Nc6 5. f4 d6 6. f5 a6 7. Nf3 Nd4 8. Nxd4 Bxd4 9. Qe2 c6 10. Bb3 d5 11. Bg5 Qa5 12. Bd2 Qd8 13. g4 h6 14. O-O-O a5 15. a3 Qd6 16. exd5 cxd5 17. Nb5 Qb6 18. Nxd4 Qxd4 19. Bc3 Qf4+ 20. Kb1 d4 21. Bd2 Qxg4 22. Qxe5+ Kf8 23. Rde1 Qxf5 24. Qe7+ Kg8 25. Qxf7+ Kh7 26. Rhg1 Rg8 27. Re8 Bd7 28. Rxa8 1-0


[Site "https://www.chess.com"]

[Event "Titled Tuesday Blitz April 26 Late 2022"]
[White "Oparin, Grigoriy"]
[Black "Potapova, Margarita"]
[WhiteFideId "24125890"]
[BlackFideId "14126869"]
[WhiteElo "2665"]
[BlackElo "2216"]
[Result "1-0"]
[Round "02"]
[TimeControl "180+1"]
[Date "2022.04.26"]
[WhiteClock "0:02:21"]
[BlackClock "0:01:40"]

1. d4 Nf6 2. c4 e6 3. Nf3 d5 4. g3 dxc4 5. Bg2 a6 6. Ne5 Bb4+ 7. Nc3 Nd5 8. O-O b5 9. Ne4 O-O 10. b3 cxb3 11. Qxb3 Be7 12. Rd1 Bb7 13. Nc5 Bxc5 14. dxc5 Nc6 15. Nxc6 Bxc6 16. e4 Qf6 17. Bb2 1-0


[Site "https://www.chess.com"]

[Event "Titled Tuesday Blitz April 26 Late 2022"]
[White "Oro, Luis"]
[Black "Smail, Benedict"]
[WhiteFideId "104094"]
[BlackFideId "2050480"]
[WhiteElo "2388"]
[BlackElo "2070"]
[Result "1-0"]
[Round "02"]
[TimeControl "180+1"]
[Date "2022.04.26"]
[WhiteClock "0:00:09"]
[BlackClock "0:00:01"]

1. e4 c5 2. Nf3 d6 3. d4 cxd4 4. Nxd4 Nf6 5. Nc3 g6 6. Be3 Bg7 7. f3 Nc6 8. Qd2 O-O 9. O-O-O d5 10. Kb1 Nxd4 11. Bxd4 dxe4 12. fxe4 Ng4 13. Bxg7 Qxd2 14. Rxd2 Kxg7 15. Bc4 Ne5 16. Bb3 Bd7 17. Rd5 f6 18. Rhd1 Bc6 19. R5d4 h5 20. Bd5 Rfd8 21. b4 a6 22. a4 Rac8 23. b5 axb5 24. axb5 Be8 25. Kb2 b6 26. Be6 Rxd4 27. Rxd4 Rc5 28. Rd5 Rxd5 29. Nxd5 Bxb5 30. Nxb6 Bf1 31. g3 Nc6 32. Nd5 Kf8 33. Kc3 Bg2 34. Kd3 Ne5+ 35. Ke3 Nc4+ 36. Kd4 Nd6 37. e5 fxe5+ 38. Kxe5 Kg7 39. Nxe7 Kf8 40. Nxg6+ Kg7 41. Nf4 1-0


[Site "https://www.chess.com"]

[Event "Titled Tuesday Blitz April 26 Late 2022"]
[White "Ouellet, Maili-Jade"]
[Black "Moussard, Jules"]
[WhiteFideId "2620472"]
[BlackFideId "642908"]
[WhiteElo "1899"]
[BlackElo "2589"]
[Result "0-1"]
[Round "02"]
[TimeControl "180+1"]
[Date "2022.04.26"]
[WhiteClock "0:00:08"]
[BlackClock "0:00:39"]

1. d4 e6 2. c4 c5 3. d5 exd5 4. cxd5 d6 5. Nc3 g6 6. e4 Bg7 7. f4 a6 8. a4 Nf6 9. Nf3 O-O 10. Be2 Re8 11. Nd2 Nbd7 12. O-O Qc7 13. Kh1 c4 14. e5 dxe5 15. Nxc4 e4 16. f5 Nc5 17. Bf4 Qd8 18. fxg6 hxg6 19. Bg5 Rb8 20. b4 Nd3 21. Nxe4 Nxe4 22. Bxd8 Ndf2+ 23. Kg1 Nxd1 24. Raxd1 Rxd8 25. a5 Nc3 26. Rd2 Rxd5 27. Rxd5 Nxd5 28. Nd6 Be6 29. b5 Nc3 30. Bf3 Nxb5 31. Nxb7 Nd4 32. Nd6 Nxf3+ 33. gxf3 Rb2 34. Rd1 Be5 35. Ne4 Bxh2+ 36. Kh1 Be5 37. Rc1 Bd5 38. Rc5 Bxe4 39. fxe4 Rb5 0-1


[Site "https://www.chess.com"]

[Event "Titled Tuesday Blitz April 26 Late 2022"]
[White "Papp, Petra"]
[Black "Mangialardo, Tiago Carvalho"]
[WhiteFideId "739049"]
[BlackFideId "2130718"]
[WhiteElo "2259"]
[BlackElo "2081"]
[Result "1-0"]
[Round "02"]
[TimeControl "180+1"]
[Date "2022.04.26"]
[WhiteClock "0:00:51"]
[BlackClock "0:00:10"]

1. d4 Nf6 2. Nf3 c5 3. d5 g6 4. Nc3 Bg7 5. e4 d6 6. Bb5+ Nbd7 7. a4 O-O 8. O-O a6 9. Be2 Rb8 10. a5 b5 11. axb6 Nxb6 12. h3 e6 13. dxe6 Bxe6 14. Bf4 Nc4 15. b3 Nh5 16. Bg5 f6 17. Bh4 g5 18. Bxc4 Bxc4 19. bxc4 gxh4 20. Nxh4 f5 21. Qxh5 Bxc3 22. Ra3 1-0


[Site "https://www.chess.com"]

[Event "Titled Tuesday Blitz April 26 Late 2022"]
[White "Peatman, Carter"]
[Black "Shirov, Alexei"]
[WhiteFideId "2096480"]
[BlackFideId "2209390"]
[WhiteElo "2486"]
[BlackElo "2678"]
[Result "0-1"]
[Round "02"]
[TimeControl "180+1"]
[Date "2022.04.26"]
[WhiteClock "0:00:11"]
[BlackClock "0:00:46"]

1. d4 d5 2. Bf4 c5 3. e3 Nc6 4. c3 f6 5. Nf3 g5 6. Bg3 h5 7. h4 g4 8. Nfd2 Nh6 9. Bd3 Nf5 10. Qc2 Nxg3 11. Bg6+ Kd7 12. fxg3 Bh6 13. O-O Bxe3+ 14. Kh2 Kc7 15. dxc5 Bxc5 16. b4 Bd6 17. Na3 Kb8 18. Nb5 Be5 19. Qd3 e6 20. a4 f5 21. Nd4 Qxh4+ 22. Kg1 Bxg3 23. N2f3 gxf3 24. Nxf3 Qg4 25. Bf7 Rf8 0-1


[Site "https://www.chess.com"]

[Event "Titled Tuesday Blitz April 26 Late 2022"]
[White "Pesotskiy, Mikhail"]
[Black "Kamsky, Gata"]
[WhiteFideId "34164453"]
[BlackFideId "2000024"]
[WhiteElo "2010"]
[BlackElo "2645"]
[Result "1-0"]
[Round "02"]
[TimeControl "180+1"]
[Date "2022.04.26"]
[WhiteClock "0:00:32"]
[BlackClock "0:00:21"]

1. d4 Nf6 2. c4 e6 3. Nc3 Bb4 4. Qc2 c5 5. dxc5 Nc6 6. Nf3 Bxc5 7. Bg5 h6 8. Bh4 b6 9. e3 Bb7 10. Be2 Be7 11. O-O Nh5 12. Bxe7 Qxe7 13. Rfd1 O-O 14. Nb5 Rad8 15. Nd6 Ba8 16. Rd2 Nf6 17. Rad1 Ne8 18. Qc3 Nxd6 19. Rxd6 f5 20. Ne5 Nxe5 21. Qxe5 Qg5 22. Qg3 Qxg3 23. hxg3 Bc6 24. Bf3 Bxf3 25. gxf3 Rf7 26. Rxe6 Rc8 27. Red6 Rxc4 28. Rxd7 Rxd7 29. Rxd7 Rc2 30. Rxa7 Rxb2 31. Kg2 Kh7 32. e4 fxe4 33. fxe4 Kg6 34. Kf3 h5 35. Ke3 Kf6 36. Ra6 g5 37. a4 Rb3+ 38. Ke2 Ke5 39. a5 bxa5 40. Rxa5+ Kxe4 41. Rxg5 Rb2+ 42. Kf1 Kf3 43. Rf5+ Kg4 44. Rc5 Kf3 45. Rc3+ Kg4 46. Kg2 Rb5 47. Rc4+ Kg5 48. Kh3 Rb1 49. Rc5+ Kh6 50. Kg2 Rb7 51. Rf5 Rg7 52. Kf3 Kg6 53. Re5 Rf7+ 54. Ke3 Kh6 55. f3 Rg7 56. Kf4 Rf7+ 57. Rf5 Rg7 58. Rf6+ Kh7 59. Rf5 Kh6 60. Ra5 Rg8 61. Ra1 Rg7 62. Rh1 Rf7+ 63. Ke3 Re7+ 64. Kf2 Kg6 65. Ra1 Kh6 66. Ra4 Rg7 67. f4 Rg8 68. Kf3 Rg7 69. Ra6+ Kh7 70. Ra5 Rg8 71. Rxh5+ 1-0


[Site "https://www.chess.com"]

[Event "Titled Tuesday Blitz April 26 Late 2022"]
[White "Piesik, Piotr"]
[Black "Mayaud, Raphael"]
[WhiteFideId "1136194"]
[BlackFideId "627151"]
[WhiteElo "2190"]
[BlackElo "2191"]
[Result "1-0"]
[Round "02"]
[TimeControl "180+1"]
[Date "2022.04.26"]
[WhiteClock "0:00:48"]
[BlackClock "0:00:12"]

1. Nf3 d5 2. g3 c6 3. Bg2 Nf6 4. O-O Bf5 5. d3 e6 6. Nbd2 h6 7. Qe1 Bh7 8. e4 Be7 9. Qe2 O-O 10. b3 Na6 11. Bb2 Nb4 12. Ne1 dxe4 13. dxe4 Qc7 14. a4 a5 15. Nc4 Rfd8 16. Be5 Qd7 17. Nb6 Qe8 18. Nxa8 Rxa8 19. Nd3 Rd8 20. Nxb4 Bxb4 21. Rad1 Qe7 22. Rxd8+ Qxd8 23. Rd1 Qb6 24. Kh1 Bg6 25. f3 Bc5 26. Qd3 Kh7 27. Bd4 h5 28. h4 Bxd4 29. Qxd4 Qc7 30. Kh2 b5 31. Qd6 Qb6 32. axb5 Qxb5 33. Qd3 Qb6 34. Qd4 Qb5 35. Bf1 Qb8 36. Qc5 e5 37. Qxa5 Qc8 38. Bh3 Qf8 39. Qxe5 Qb4 40. Qd4 Qb5 41. Qd3 Qb6 42. Rd2 Ng8 43. Bf5 Ne7 44. Bxg6+ Nxg6 45. e5 Qc5 46. Qf5 Qe3 47. Qxh5+ Kg8 48. Rd8+ Nf8 49. Kh3 Qxf3 50. Qxf3 1-0


[Site "https://www.chess.com"]

[Event "Titled Tuesday Blitz April 26 Late 2022"]
[White "Pinheiro, Iung Alicio de O."]
[Black "Ricaurte Lopez, Juan Carlos"]
[WhiteFideId "2104350"]
[BlackFideId "3600327"]
[WhiteElo "2457"]
[BlackElo "2209"]
[Result "1-0"]
[Round "02"]
[TimeControl "180+1"]
[Date "2022.04.26"]
[WhiteClock "0:00:35"]
[BlackClock "0:00:02"]

1. c4 e5 2. g3 Nf6 3. Bg2 c6 4. d4 e4 5. Bg5 h6 6. Bxf6 Qxf6 7. Bxe4 Bb4+ 8. Nc3 O-O 9. Bg2 d6 10. Nf3 Be6 11. Qb3 Na6 12. a3 Bxc3+ 13. Qxc3 Nc7 14. O-O Rfe8 15. Rfe1 d5 16. b3 a5 17. Rac1 a4 18. Ne5 axb3 19. Qxb3 dxc4 20. Qxb7 Nb5 21. e3 Nxa3 22. Qxc6 Rab8 23. Qc5 Rb2 24. Rf1 Nc2 25. Nxc4 Rc8 26. Qxc8+ Bxc8 27. Nxb2 1-0


[Site "https://www.chess.com"]

[Event "Titled Tuesday Blitz April 26 Late 2022"]
[White "Pourkashiyan, Atousa"]
[Black "Maksimovic, Bojan"]
[WhiteFideId "12502014"]
[BlackFideId "14408120"]
[WhiteElo "2247"]
[BlackElo "2448"]
[Result "1-0"]
[Round "02"]
[TimeControl "180+1"]
[Date "2022.04.26"]
[WhiteClock "0:01:03"]
[BlackClock "0:00:02"]

1. e4 c5 2. Nf3 Nc6 3. d4 cxd4 4. Nxd4 Nf6 5. Nc3 e5 6. Ndb5 d6 7. Bg5 a6 8. Na3 b5 9. Nd5 Be7 10. Bxf6 Bxf6 11. c4 b4 12. Nc2 O-O 13. Be2 a5 14. O-O Be6 15. Qd3 Bg5 16. Rad1 Qb8 17. b3 Rd8 18. f4 exf4 19. Nxf4 Ne5 20. Qg3 Qa7+ 21. Kh1 Bxf4 22. Rxf4 Qc5 23. Nd4 a4 24. Nxe6 fxe6 25. Bg4 Re8 26. Qh3 Nxg4 27. Rxg4 axb3 28. axb3 Qe5 29. Qg3 Ra1 30. Rxg7+ Kh8 31. Rg8+ Rxg8 32. Qxe5+ dxe5 33. Rxa1 Kg7 34. Kg1 Rd8 35. Ra4 Rd1+ 36. Kf2 Rd2+ 37. Kf1 Rd4 38. Rxb4 Rxe4 39. Rb7+ Kg6 40. c5 Re3 41. c6 Rc3 42. c7 e4 43. b4 e3 44. Ke2 Kf5 45. Kf3 e5 46. b5 e4+ 47. Ke2 Kf4 48. g3+ Ke5 49. Ra7 Kd4 50. Ra4+ Kd5 51. b6 Kd6 52. Rd4+ Ke5 53. Rd8 Rc2+ 54. Kxe3 Rc3+ 55. Kd2 1-0


[Site "https://www.chess.com"]

[Event "Titled Tuesday Blitz April 26 Late 2022"]
[White "Prohorov, Olexandr"]
[Black "Pakleza, Zbigniew"]
[WhiteFideId "14105578"]
[BlackFideId "1119290"]
[WhiteElo "1993"]
[BlackElo "2467"]
[Result "0-1"]
[Round "02"]
[TimeControl "180+1"]
[Date "2022.04.26"]
[WhiteClock "0:01:21"]
[BlackClock "0:01:38"]

1. Nf3 d5 2. d4 Nf6 3. c4 c6 4. Nc3 Qb6 5. cxd5 cxd5 6. e3 Nc6 7. Bd3 Bg4 8. O-O e6 9. h3 Bh5 10. a3 Rc8 11. Re1 Be7 12. Rb1 O-O 13. b4 Nxd4 14. exd4 Rxc3 15. Bb2 Rc7 16. Rc1 Rfc8 17. Rxc7 Qxc7 18. Qb1 Bxf3 19. gxf3 Qf4 20. Rc1 Rd8 21. Rc3 Bd6 22. Qc1 Qh2+ 23. Kf1 Qxh3+ 24. Ke2 e5 25. Qf1 Qe6 26. dxe5 Bxe5 0-1


[Site "https://www.chess.com"]

[Event "Titled Tuesday Blitz April 26 Late 2022"]
[White "Proudian, Armen"]
[Black "Suleymanli, Aydin"]
[WhiteFideId "2130734"]
[BlackFideId "13413937"]
[WhiteElo "2380"]
[BlackElo "2481"]
[Result "0-1"]
[Round "02"]
[TimeControl "180+1"]
[Date "2022.04.26"]
[WhiteClock "0:00:01"]
[BlackClock "0:01:36"]

1. e4 e5 2. Nf3 Nc6 3. Bb5 a6 4. Ba4 Nf6 5. d3 d6 6. c3 g6 7. O-O Bg7 8. Re1 O-O 9. Nbd2 Nd7 10. Bc2 f5 11. d4 f4 12. d5 Ne7 13. c4 h6 14. h3 g5 15. Nh2 a5 16. f3 h5 17. Ndf1 Nf6 18. a3 Bd7 19. Bd2 a4 20. Bb4 b6 21. Nd2 Bh6 22. Kf2 Ng6 23. Ke2 g4 24. hxg4 hxg4 25. Rh1 Bg5 26. Qg1 g3 27. Nhf1 Kg7 28. Nb1 Qe7 29. Nc3 Rh8 30. Nd2 Rxh1 31. Qxh1 Rh8 32. Qd1 Rh2 33. Bxa4 Rxg2+ 34. Kd3 Bh3 35. Qb3 Nd7 36. Bxd7 Qxd7 37. a4 Nh4 38. Ne2 Bg4 39. Rf1 Nxf3 40. Nxf3 Bxf3 41. Rxf3 Qg4 42. Kd2 Rf2 43. Rxf2 f3+ 44. Kc3 gxf2 45. Bxd6 cxd6 46. Qxb6 fxe2 47. Qc7+ Kh6 48. Qxd6+ Kh5 49. Qxe5 e1=Q+ 50. Kb3 Qgd1+ 51. Ka3 f1=Q 52. Qh2+ Kg4 53. Qe2+ Qexe2 0-1


[Site "https://www.chess.com"]

[Event "Titled Tuesday Blitz April 26 Late 2022"]
[White "Remolar Gallen, Jose"]
[Black "Wartiovaara, Oliver"]
[WhiteFideId "2215187"]
[BlackFideId "513024"]
[WhiteElo "2205"]
[BlackElo "1971"]
[Result "0-1"]
[Round "02"]
[TimeControl "180+1"]
[Date "2022.04.26"]
[WhiteClock "0:00:04"]
[BlackClock "0:01:05"]

1. d4 Nf6 2. Nf3 g6 3. Nbd2 d5 4. b3 Bg7 5. Bb2 O-O 6. e3 Nbd7 7. Be2 c5 8. O-O b6 9. Ne5 Bb7 10. f4 Rc8 11. Rc1 e6 12. Qe1 Ne4 13. Nxe4 dxe4 14. Rd1 cxd4 15. Bxd4 Nxe5 16. Bxe5 Qe8 17. c4 f6 18. Bd6 Rf7 19. c5 bxc5 20. Bc4 Rd7 21. Qe2 Bd5 22. Bxd5 exd5 23. Rxd5 Qe6 24. Rfd1 Rcd8 25. Qa6 Bf8 26. Bxf8 Qxa6 27. Rxd7 Rxd7 28. Rxd7 Kxf8 0-1


[Site "https://www.chess.com"]